 Dungeon Crawl Stone Soup version 0.18-a0-246-gbfa2ae1 (console) character file.

2778 endege the Fighter (level 9, -1/84 HPs)
             Began as a Minotaur Fighter on Nov 24, 2015.
             Was an Initiate of Makhleb.
             Slain by a fire drake (4 damage)
             ... on level 8 of the Dungeon on Nov 25, 2015.
             The game lasted 00:40:39 (6769 turns).

endege the Fighter (Minotaur Fighter)               Turns: 6769, Time: 00:40:39

Health: -1/84      AC: 14    Str: 26    XL:     9   Next: 42%
Magic:  8/8        EV:  9    Int:  5    God:    Makhleb [......]
Gold:   464        SH: 13    Dex: 13    Spells: 0 memorised, 8 levels left

rFire  . . .     SeeInvis .     E - +3 flail (protect)
rCold  . . .     Clarity  .     b - +0 scale mail
rNeg   + . .     SustAt   .     c - +1 shield
rPois  .         Gourm    .     (helmet restricted)
rElec  .         Spirit   .     q - +0 cloak
rCorr  .         Warding  .     (no gloves)
rMut   .         Stasis   .     (no boots)
MR     .....                    (no amulet)
Stlth  ..........               D - +3 ring of dexterity
                                v - ring of positive energy {rN+}

@: not resistant to hostile enchantments, extremely unstealthy
A: retaliatory headbutt, horns 2, strong 1
a: Renounce Religion


You were on level 8 of the Dungeon.
You worshipped Makhleb.
Makhleb was noncommittal.
You were not hungry.

You visited 2 branches of the dungeon, and saw 9 of its levels.

You collected 464 gold pieces.

Inventory:

Hand Weapons
 E - a +3 flail of protection (weapon)
   (You took it off Edmund on level 6 of the Dungeon)
Missiles
 g - a throwing net {=f, !d}
Armour
 b - a +0 scale mail (worn)
 c - a +1 shield (worn)
 q - a +0 cloak (worn)
   (You found it on level 7 of the Dungeon)
Jewellery
 f - an uncursed ring of positive energy {rN+}
   (You found it on level 7 of the Dungeon)
 l - an uncursed ring of wizardry {Wiz+, !d}
   (You found it on level 1 of the Dungeon)
 m - a +4 ring of intelligence
   (You found it on level 1 of the Dungeon)
 n - an uncursed ring of magical power {MP+9}
   (You found it on level 1 of the Dungeon)
 p - an uncursed ring of fire {rF+, rC-}
   (You found it on level 5 of the Dungeon)
 v - a ring of positive energy (left hand) {rN+}
   (You found it on level 3 of the Dungeon)
 D - a +3 ring of dexterity (right hand)
   (You found it on level 6 of the Dungeon)
Wands
 s - a wand of slowing (35)
   (You found it on level 5 of the Dungeon)
 C - a wand of frost (25)
   (You took it off an orc on level 8 of the Dungeon)
Scrolls
 h - 5 scrolls of teleportation
 j - a scroll of fear {unknown}
 o - 5 scrolls of identify
 r - 2 scrolls of remove curse
 x - 2 scrolls of fog
 y - a scroll of vulnerability {unknown}
 z - 2 scrolls of recharging
Potions
 a - 2 potions of curing {unknown}
 d - 2 potions of might
 i - 2 potions of heal wounds
Books
 u - a book of Power
   (You found it on level 5 of the Dungeon)
 w - a book of Ice
   (You found it on level 7 of the Dungeon)
Comestibles
 e - 4 bread rations {@e1}
 k - 6 fruits
 t - 4 meat rations {@e2}
 A - a beef jerky
 B - 6 chunks of flesh {@w0}


   Skills:
 + Level 9.4 Fighting
 + Level 4.6 Maces & Flails
   Level 2.4 Polearms
 + Level 9.3 Armour
 + Level 9.1 Shields


You had 8 spell levels left.
You didn't know any spells.

Dungeon Overview and Level Annotations

Branches:
Dungeon (8/15)             Temple (1/1) D:7
   Lair: D:8-11

Altars:
Ashenzari
Cheibriados
Dithmenos
Elyvilon
Fedhas
Gozag
Kikubaaqudgha
Makhleb
Nemelex Xobeh
Okawaru
Qazlal
Ru
Sif Muna
Trog
Vehumet
Xom
Yredelemnul
Zin
The Shining One

Annotations:
D:8 Erica


Innate Abilities, Weirdness & Mutations

You reflexively headbutt those who attack you in melee.
You have a pair of horns on your head.
Your muscles are strong. (Str +2)


Message History

Things that are here:
a dagger; a robe You sock the orc!
You kill the orc!
Makhleb accepts your kill.
No target in view!
No target in view!
No target in view!
Things that are here:
a ring mail; 2 chunks of flesh {@w0}; an orc skeleton The orc barely misses you.
Things that are here:
a ring mail; 2 chunks of flesh {@w0}; an orc skeleton You sock the orc!
You kill the orc!
Makhleb accepts your kill.
No target in view!
No target in view!
No target in view!
B - 5 chunks of flesh {@w0} (gained 2)
Things that are here:
a ring mail; an orc skeleton
Things that are here:
a dagger; a robe
Things that are here:
a ring mail; an orc skeleton
Things that are here:
a dagger; a robe You now have 392 gold pieces (gained 18).
You see here a flail.
There is an open door here.
You now have 412 gold pieces (gained 20).
You now have 429 gold pieces (gained 17).
You now have 443 gold pieces (gained 14).
You now have 464 gold pieces (gained 21).
There is an open door here.
Health restored: 84
o - 5 scrolls of identify (gained 1)
You open the door.
A worker ant comes into view.
The worker ant twitches its antennae in your direction.
There is an open door here.
You hit the worker ant but do no damage.
The worker ant bites you but does no damage.
You sock the worker ant!
You headbutt the worker ant, but do no damage.
You block the worker ant's attack. x2
You barely miss the worker ant. You headbutt the worker ant.
You kill the worker ant!
Makhleb accepts your kill.
No target in view!
You see here a worker ant corpse.
You butcher the worker ant corpse.
B - 7 chunks of flesh {@w0} (gained 2)
There is an open door here.
You are feeling hungry.
Eating one of 7 chunks of flesh {@w0}.
You continue eating. x2
You see here a flail.
Found an escape hatch in the ceiling.
You see here a robe.
A fire drake comes into view.
The fire drake bites you but does no damage.
You barely miss the fire drake. You headbutt the fire drake!
The fire drake breathes flames at you. The blast of flame hits you!
You block the fire drake's attack.
You take 19 damage, and have 65/84 hp.
MASSIVE DAMAGE!!
The fire drake breathes flames at you. The blast of flame hits you!
You take 6 damage, and have 59/84 hp.
There is a stone staircase leading down here.
The fire drake breathes flames at you. The blast of flame hits you!
You take 8 damage, and have 52/84 hp.
Erica casts a spell.
Erica flickers and vanishes!
Deactivating autopickup; reactivate with Ctrl-A.
You see here a flail.
Things that are here:
a dagger; a robe The fire drake breathes flames at you.
The blast of flame hits you!
Things that are here:
a ring mail; an orc skeleton You take 15 damage, and have 38/84 hp.
The fire drake breathes flames at you. The blast of flame hits you!
* * * LOW HITPOINT WARNING * * *
You take 18 damage, and have 21/84 hp.
MASSIVE DAMAGE!!
You closely miss the fire drake. Your headbutt misses the fire drake.
The fire drake closely misses you. You furiously retaliate!
You headbutt the fire drake. You hit the fire drake.
You block the fire drake's attack.
You sock the fire drake! The fire drake breathes flames at you.
The blast of flame hits you!
* * * LOW HITPOINT WARNING * * *
The fire drake bites you.
You die...

##### #. ≈≈ #...# #.##'# #.#.#
#.#..# #.#.# #..#. #.#..#
#.#.# #..#.##.#..#
#.#.#.###..#.#...%.#. #.#<#
.......#.....#. #.
#.######.....#....... #.
#...@k.#.....#{......
#####.#########.#.............
#.......# #.#..>......<...
#.......# #.#....>......#.
#.......# #[#....#..###.#.
#.......#######)#.......# .#
................).....#.# .#
#..........##.........#[# .#
#........######....####.#
#.......#'#..#'#........#
#.......##.##.##...######


You could see a fire drake.

Vanquished Creatures
  Grinder (D:4)
  Prince Ribbit (D:5)
  3 yaks (D:8)
  A steam dragon (D:8)
  Edmund (D:6)
  The ghost of PeterLawrence the Cudgeler, an amateur GrFi (D:4)
  2 phantoms (D:7)
  An ice beast (D:8)
  A black bear (D:6)
  An ogre (D:5)
  3 centaurs
  4 giant frogs
  A water moccasin skeleton (D:7)
  2 crimson imps
  An orc priest (D:7)
  A hound (D:7)
  2 giant frog skeletons
  An orc wizard (D:8)
  7 worker ants
  A hound zombie (D:5)
  A hound skeleton (D:5)
  9 adders
  A shadow imp (D:5)
  An ooze (D:4)
  An adder zombie (D:7)
  A worm (D:1)
  10 orcs
  5 giant cockroaches
  8 hobgoblins
  4 kobolds
  3 quokkas
  A ball python (D:1)
  A bat (D:2)
  4 giant geckos
  5 giant newts
  5 goblins
  4 jackals (D:5)
  19 rats
119 creatures vanquished.

Notes
Turn   | Place    | Note
--------------------------------------------------------------
     0 | D:1      | endege the Minotaur Fighter began the quest for the Orb.
     0 | D:1      | Reached XP level 1. HP: 19/19 MP: 0/0
   118 | D:1      | Reached XP level 2. HP: 27/27 MP: 1/1
   127 | D:1      | Reached skill level 4 in Fighting
   273 | D:1      | Reached skill level 4 in Armour
   336 | D:1      | Reached skill level 4 in Shields
   535 | D:1      | Reached XP level 3. HP: 33/33 MP: 2/2
  1036 | D:2      | Found a deep blue altar of Sif Muna.
  1296 | D:3      | Found a white marble altar of Elyvilon.
  1658 | D:3      | Found a blossoming altar of Fedhas.
  1697 | D:3      | Reached XP level 4. HP: 41/41 MP: 3/3
  1805 | D:3      | Upgraded the game from 0.18-a0-211-gcfb53b4 to 0.18-a0-246-gbfa2ae1
  1871 | D:4      | HP: 10/41 [poisoned by a worker ant]
  1879 | D:4      | HP: 9/41 [poisoned by a worker ant]
  2158 | D:4      | Reached skill level 5 in Fighting
  2179 | D:4      | Noticed PeterLawrence's ghost (amateur GrFi)
  2192 | D:4      | HP: 10/42 [PeterLawrence's ghost (9)]
  2195 | D:4      | HP: 4/42 [PeterLawrence's ghost (6)]
  2205 | D:4      | Killed PeterLawrence's ghost
  2205 | D:4      | Reached skill level 5 in Armour
  2205 | D:4      | Reached skill level 5 in Shields
  2205 | D:4      | Reached XP level 5. HP: 19/48 MP: 4/4
  2445 | D:4      | Reached XP level 6. HP: 39/57 MP: 5/5
  2734 | D:4      | Noticed Grinder
  2749 | D:4      | Killed Grinder
  2749 | D:4      | Reached skill level 6 in Fighting
  2749 | D:4      | Reached skill level 6 in Armour
  2749 | D:4      | Reached skill level 6 in Shields
  2897 | D:4      | Found a shimmering altar of Xom.
  3274 | D:5      | Entered Level 5 of the Dungeon
  3282 | D:5      | Found a glowing silver altar of Zin.
  3283 | D:5      | Found a snail-covered altar of Cheibriados.
  3283 | D:5      | Found a stormy altar of Qazlal.
  3294 | D:5      | Found a sacrificial altar of Ru.
  3294 | D:5      | Found an iron altar of Okawaru.
  3296 | D:5      | Reached XP level 7. HP: 56/64 MP: 6/6
  3297 | D:5      | Found a bloodstained altar of Trog.
  3485 | D:5      | Noticed Prince Ribbit
  3497 | D:5      | Killed Prince Ribbit
  3497 | D:5      | Reached skill level 7 in Fighting
  3497 | D:5      | HP: 16/66 [centaur/arrow (5)]
  3501 | D:5      | Reached skill level 7 in Armour
  3919 | D:5      | Reached skill level 7 in Shields
  4009 | D:5      | Reached XP level 8. HP: 29/73 MP: 7/7
  4488 | D:6      | Found a basalt altar of Yredelemnul.
  4619 | D:6      | Noticed Edmund
  4635 | D:6      | Killed Edmund
  4635 | D:6      | Reached skill level 8 in Fighting
  4959 | D:6      | Reached skill level 8 in Armour
  5020 | D:6      | Gained mutation: Your muscles are strong. (Str +2) [potion of mutation]
  5020 | D:6      | Gained mutation: You are dopey. (Int -2) [potion of mutation]
  5020 | D:6      | Lost mutation: You are dopey. (Int -2) [potion of mutation]
  5045 | D:7      | Reached skill level 1 in Maces & Flails
  5179 | D:7      | Found an ancient bone altar of Kikubaaqudgha.
  5291 | D:7      | Reached skill level 8 in Shields
  5300 | D:7      | Reached skill level 2 in Maces & Flails
  5718 | D:7      | Found a glowing golden altar of the Shining One.
  5781 | D:7      | Found a staircase to the Ecumenical Temple.
  5788 | D:7      | Reached skill level 3 in Maces & Flails
  5793 | Temple   | Entered the Ecumenical Temple
  5836 | Temple   | Became a worshipper of Makhleb the Destroyer
  6188 | D:8      | Reached XP level 9. HP: 73/82 MP: 8/8
  6213 | D:8      | Reached skill level 9 in Fighting
  6213 | D:8      | Reached skill level 9 in Armour
  6218 | D:8      | HP: 20/83 [yak (8)]
  6242 | D:8      | Reached skill level 4 in Maces & Flails
  6333 | D:8      | Noticed Erica
  6371 | D:8      | Reached skill level 9 in Shields
  6747 | D:8      | Noticed a fire drake
  6764 | D:8      | HP: 21/84 [fire drake/blast of flame (18)]
  6769 | D:8      | HP: 3/84 [fire drake/blast of flame (19)]
  6769 | D:8      | Slain by a fire drake

Vault maps used:
D:1:      erik_arrival_orb_chamber, nrook_mini_vaults
D:2:      old_standard_altar, kennysheep_generic_room_10
D:3:      fedhas_altar_4, elyvilon_altar_5
D:4:      lemuel_crystal_altar, uniq_grinder
D:5:      grunt_temple_overflow_open, first_bread, kennysheep_small_circle,
          uniq_prince_ribbit1
D:6:      yredelemnul_altar_generic, uniq_edmund
D:7:      tso_oasis_becter, temple_green, basic_altar
D:8:      minmay_lair_entry_lava, minivault_22, minmay_liquid_box, uniq_erica
Temple:   temple_island_7

Action                   |  1- 3 |  4- 6 |  7- 9 || total
-------------------------+-------+-------+-------++-------
Melee: Trident           |    95 |    95 |    93 ||   283
       Flail             |       |       |   119 ||   119
Throw: Javelin           |    26 |     3 |       ||    29
  Use: Potion            |       |     6 |     4 ||    10
       Scroll            |       |     9 |     4 ||    13
  Eat: Chunk             |     2 |     4 |     9 ||    15
       Pizza             |       |     1 |     1 ||     2
       Fruit             |       |       |     2 ||     2

Vault maps used:
D:1:      erik_arrival_orb_chamber, nrook_mini_vaults
D:2:      old_standard_altar, kennysheep_generic_room_10
D:3:      fedhas_altar_4, elyvilon_altar_5
D:4:      lemuel_crystal_altar, uniq_grinder
D:5:      grunt_temple_overflow_open, first_bread, kennysheep_small_circle,
          uniq_prince_ribbit1
D:6:      yredelemnul_altar_generic, uniq_edmund
D:7:      tso_oasis_becter, temple_green, basic_altar
D:8:      minmay_lair_entry_lava, minivault_22, minmay_liquid_box, uniq_erica
Temple:   temple_island_7

Table legend:
 A = Turns spent in this place as a percentage of turns spent in the entire game.
 B = Non-inter-level travel turns spent in this place as a percentage of non-inter-level travel turns spent in the entire game.
 C = Inter-level travel turns spent in this place as a percentage of turns spent in this place.
 D = Turns resting spent in this place as a percentage of non-inter-level travel turns spent in this place.
 E = Turns spent auto-exploring this place as a percentage of non-inter-level travel turns spent in this place.
 F = Non-inter-level travel turns spent in this place divided by the number of levels of this place that you've seen.
                   A       B       C       D       E      F
               +-------+-------+-------+-------+-------+----------------------
         Total | 100.0 | 100.0 |   0.1 |   2.1 |   5.6 | 230.1
       Dungeon |  98.4 |  98.4 |   0.1 |   2.2 |   5.3 | 254.6
        Temple |   1.6 |   1.6 |   0.0 |   0.0 |  20.6 |  34.0
               +-------+-------+-------+-------+-------+----------------------

Table legend:
 A = Kills in this place as a percentage of kills in entire the game.
 B = Kills by you in this place as a percentage of kills by you in the entire game.
 C = Kills by friends in this place as a percentage of kills by friends in the entire game.
 D = Other kills in this place as a percentage of other kills in the entire game.
 E = Experience gained in this place as a percentage of experience gained in the entire game.
 F = Experience gained in this place divided by the number of levels of this place that you have seen.
                   A       B       C       D       E      F
               +-------+-------+-------+-------+-------+----------------------
         Total | 100.0 | 100.0 |  -nan |  -nan | 100.0 | 441.0
       Dungeon | 100.0 | 100.0 |  -nan |  -nan | 100.0 | 496.1
               +-------+-------+-------+-------+-------+----------------------
